 Dungeon Crawl Stone Soup version 0.22-a0-422-g9628fc8 (webtiles) character file.

81106 Kairos the Basher (level 15, -2/80 HPs)
             Began as a Vine Stalker Fighter on May 18, 2018.
             Was the Champion of Okawaru.
             Killed by the raging water
             ... invoked by a water nymph
              (16 damage)
             ... on level 2 of the Shoals on May 19, 2018.
             The game lasted 00:49:46 (17597 turns).

Kairos the Basher (Vine Stalker Fighter)           Turns: 17597, Time: 00:49:47

Health: -2/80      AC: 27    Str: 24    XL:     15   Next: 69%
Magic:  0/17       EV: 13    Int: 11    God:    Okawaru [******]
Gold:   1098       SH: 20    Dex: 13    Spells: 14/14 levels left

rFire    + + +     SeeInvis .   N - +6 broad axe (chop)
rCold    . . .     Gourm    .   p - +2 shield {reflect}
rNeg     . . .     Faith    .   O - +4 chain mail {rPois}
rPois    +         Spirit   +   L - +1 hat
rElec    .         Reflect  +   (no cloak)
rCorr    .         Harm     .   m - +2 pair of gloves
MR       +....     Clarity  +   s - +0 pair of boots
Stlth    +.........             w - +3 amulet of reflection
HPRegen  1.03/turn              F - +3 ring of protection
MPRegen  0.15/turn              u - ring "Vogulogg" {*Contam rF+++ Int+3 Slay+5 Stlth+}

@: heroism, finesse, drained, very slow
A: fangs 3, hooves 1, clarity, clumsy 1, regeneration 2, shaggy fur 1, magic
shield, antimagic bite, no potion heal 3, rot immunity
a: Heroism, Finesse, Renounce Religion


You were on level 2 of the Shoals.
You worshipped Okawaru.
Okawaru was exalted by your worship.
You were near starving.

You visited 4 branches of the dungeon, and saw 19 of its levels.
You also visited: Labyrinth and Volcano.

You collected 1098 gold pieces.

Inventory:

Hand Weapons
 a - a +0 war axe
 v - the +11 mace "Wessym" {venom, +Rage}
   (You found it on level 6 of the Dungeon)

   It poisons the flesh of those it strikes.
   It lets you go berserk.
 N - a +6 broad axe of chopping (weapon)
Missiles
 W - 7 steel javelins (quivered)
Armour
 m - a +2 pair of gloves (worn)
 p - a +2 shield of reflection (worn)
 s - a +0 pair of boots (worn)
 y - a +3 plate armour of fire resistance
 L - a +1 hat (worn)
 O - a +4 chain mail of poison resistance (worn)
Jewellery
 e - an uncursed ring of protection from magic
 h - an uncursed ring of magical power
 n - the amulet "Nehoawk" {Acrobat *Drain +Fly MR+ Str+4}
   (You found it on level 8 of the Dungeon)

   [amulet of the acrobat]

   It helps you evade while moving and waiting.
   It affects your strength (+4).
   It affects your resistance to hostile enchantments.
   It lets you fly.
   It causes draining when unequipped.
 o - an uncursed ring of protection from fire
 u - the ring "Vogulogg" (right hand) {*Contam rF+++ Int+3 Slay+5 Stlth+}
   (You found it on level 6 of the Dungeon)

   [ring of intelligence]

   It affects your intelligence (+3).
   It affects your accuracy and damage with ranged weapons and melee attacks
   (+5).
   It renders you almost immune to fire.
   It causes magical contamination when unequipped.
   It makes you more stealthy.
 w - a +3 amulet of reflection (around neck)
 E - an uncursed ring of ice
 F - a +3 ring of protection (left hand)
 H - an uncursed ring of positive energy
 R - an uncursed ring of poison resistance
Wands
 z - a wand of flame (27)
 A - a wand of iceblast (4)
 I - a wand of polymorph (21)
 J - a wand of acid (9)
 M - a wand of digging (32)
 Q - a wand of paralysis (27)
 T - a wand of enslavement (32)
Scrolls
 i - 4 scrolls of fog
 j - 9 scrolls of teleportation
 k - 3 scrolls of amnesia
 l - 2 scrolls of enchant weapon
 q - 9 scrolls of remove curse
 B - a scroll of holy word
 S - 2 scrolls of enchant armour
 U - 2 scrolls of magic mapping
Potions
 b - 3 potions of invisibility
 d - 5 potions of curing
 g - 6 potions of brilliance
 r - 4 potions of haste
 t - a potion of cancellation
 x - a potion of flight {unknown}
 D - a potion of berserk rage {unknown}
 P - a potion of ambrosia {unknown}
 V - a potion of agility
 X - a potion of lignification
 Y - a potion of might
Miscellaneous
 c - a fan of gales
Comestibles
 f - 27 rations


   Skills:
 + Level 9.9(14.5) Fighting
 + Level 10.4(17.5) Axes
 - Level 12.8(18.6) Maces & Flails
 + Level 9.9(14.4) Armour
 + Level 3.4(8.0) Dodging
 + Level 2.3(6.9) Stealth
 + Level 12.5(17.1) Shields
 + Level 2.5(2.2) Invocations
 + Level 1.6(1.3) Evocations


You had 14 spell levels left.
You didn't know any spells.
Your spell library contained the following spells:

 Spells                   Type           Power        Failure   Level  Hunger
 Magic Dart               Conj           #...         83%         1    ##.....
 Conjure Flame            Conj/Fire      #.......     99%         3    ####...
 Slow                     Hex            #.......     92%         2    ###....
 Controlled Blink         Tloc           N/A          100%        8    #######
 Freezing Cloud           Conj/Ice/Air   #.........   100%        6    #######
 Mephitic Cloud           Conj/Pois/Air  #.......     99%         3    ####...
 Ring of Flames           Chrm/Fire      #.........   100%        7    #######
 Blink                    Tloc           N/A          92%         2    ###....
 Call Imp                 Summ           #.......     92%         2    ###....
 Statue Form              Tmut/Erth      #........    100%        6    #######
 Dragon Form              Tmut           #.........   100%        7    #######
 Dispersal                Tloc           #.........   100%        6    #######
 Portal Projectile        Hex/Tloc       #.....       99%         3    ####...
 Disjunction              Tloc           #.........   100%        8    #######
 Force Lance              Conj/Tloc      #.......     100%        4    #####..
 Hydra Form               Tmut           #.........   100%        6    #######
 Irradiate                Conj/Tmut      #.........   100%        5    ######.
 Gell's Gravitas          Tloc           #.........   99%         3    ####...
 Poisonous Vapours        Pois/Air       #.....       92%         2    ###....


Dungeon Overview and Level Annotations

Branches:
Dungeon (9/15)             Temple (0/1) D:6            Lair (6/6) D:9
 Shoals (2/4) Lair:3        Snake (2/4) Lair:4        Slime (0/5) Lair:5
    Orc: D:9-12

Altars:
Cheibriados
Dithmenos
Hepliaklqana
Nemelex Xobeh
Okawaru
Trog

Shops:
D:7 =   D:8 %


Innate Abilities, Weirdness & Mutations

You have razor-sharp teeth.
You heal very quickly.
When hurt, damage is shared between your health and your magic reserves.
Your bite disrupts and absorbs the magic of your enemies.
Potions cannot restore your health.
You are immune to rotting.
You have large cloven feet.
You possess an exceptional clarity of mind.
You are clumsy. (Dex -2)
You are covered in fur. (AC +1)


Message History

You hit the alligator snapping turtle. You bite the alligator snapping turtle.
You drain its power.
You feel invigorated.
The alligator snapping turtle is severely wounded.
You closely miss the water nymph.
The water nymph gestures at you while chanting.
The water swirls and strikes you!
* * * LOW HITPOINT WARNING * * *
You completely miss the alligator snapping turtle.
You bite the alligator snapping turtle, but do no damage.
The alligator snapping turtle is severely wounded.
You closely miss the water nymph.
You slash the alligator snapping turtle!
The alligator snapping turtle is severely wounded.
You hit the water nymph.
You block the alligator snapping turtle's attack.
Unknown command.
Your unstable footing causes you to fumble your attack.
The water nymph points at you and mumbles some strange words.
The water swirls and strikes you!
You die...

≈≈≈≈≈≈≈≈≈≈≈≈≈≈≈
≈≈≈≈≈≈≈≈≈≈≈≈≈≈≈
≈≈≈≈≈≈≈≈≈≈≈≈≈≈≈
≈≈≈≈≈≈≈≈≈≈≈≈≈≈≈
≈≈≈≈≈≈≈≈≈≈≈≈≈≈≈ ≈≈≈≈≈≈≈
≈≈≈≈≈≈≈≈≈≈≈≈≈≈≈≈ ≈≈≈≈≈≈≈
≈≈≈≈≈≈≈t≈≈≈..≈≈≈ ≈≈≈≈≈≈≈
≈≈≈≈≈≈≈≈@≈....≈≈ ≈≈≈≈≈≈≈
≈≈≈≈≈≈..m..##.≈.≈ ≈≈≈≈≈≈≈
≈≈≈≈≈≈.≈≈≈###.≈≈≈ ≈≈≈≈≈≈≈
≈≈≈≈≈≈..≈.≈≈.≈≈≈≈ ≈≈≈≈≈≈≈
≈≈≈≈≈.<.....m≈≈≈≈≈≈≈≈≈≈≈≈
≈≈≈≈≈≈≈.^.#...≈≈≈≈≈≈≈≈≈≈≈
≈≈≈≈≈≈≈......≈≈≈≈≈≈≈≈≈≈≈≈
≈≈≈≈≈≈≈≈≈..≈≈≈≈≈≈≈≈≈≈≈≈≈≈
≈≈≈≈≈≈≈≈≈≈≈≈≈≈≈≈≈≈≈≈≈≈≈≈≈


You could see an alligator snapping turtle and a water nymph.

Vanquished Creatures
  Gastronok (Lair:1)
  Aizul (Shoals:1)
  The ghost of Borgoz the Nimble, a journeyman GrAK of Lugonu (Lair:6)
  A minotaur (Lab)
  Snorg (Lair:4)
  2 merfolk impalers
  A fire dragon (Volcano)
  6 hydras
  A catoblepas (Shoals:1)
  2 anacondas (Snake:1)
  An alligator snapping turtle (Shoals:2)
  2 two-headed ogres (D:8)
  A satyr (Shoals:2)
  Urug (Lair:2)
  A shock serpent (Snake:1)
  A fire crab (Lair:6)
  4 sea snakes (Shoals:1)
  2 naga ritualists (Snake:1)
  A lindwurm (Volcano)
  12 harpies
  5 mana vipers
  A cyclops (Shoals:2)
  5 fauns
  2 manticores (Shoals:1)
  2 salamanders
  14 black mambas
  Psyche (D:9)
  8 elephants (Lair:4)
  4 merfolk sirens
  5 naga magi
  3 water nymphs
  A torpor snail (Lair:5)
  20 spiny frogs
  4 komodo dragons
  A rime drake (Lair:3)
  3 polar bears
  3 wind drakes (Shoals:2)
  12 merfolk
  5 tyrant leeches (Lair:6)
  33 blink frogs
  Grinder (D:3)
  8 hippogriffs
  4 snapping turtles
  17 dream sheep
  A water elemental (Shoals:1)
  A vampire (D:9)
  4 basilisks
  12 yaks
  A wyvern (Lair:4)
  7 fire bats (Volcano)
  5 steam dragons (Volcano)
  6 vampire mosquitoes (Lair:6)
  10 nagas
  3 water moccasins
  4 orc warriors
  5 porcupines
  2 black bears
  A necrophage (D:6)
  13 wolves
  3 ogres
  6 centaurs
  5 crocodiles
  Blork the orc (D:4)
  26 bullfrogs
  2 water moccasin zombies
  A scorpion (D:4)
  4 wights (D:9)
  3 howler monkeys
  4 crimson imps
  A centaur zombie (D:7)
  4 jellies
  9 lava snakes
  A quasit (D:9)
  2 hounds
  4 orc priests
  12 orc wizards
  A centaur skeleton (D:5)
  3 iguanas
  Natasha (thrice) (D:4)
  4 worker ants
  A hound skeleton (D:6)
  A worker ant zombie (D:5)
  5 gnolls
  10 adders
  A shadow imp (D:9)
  An adder zombie (D:5)
  5 adder skeletons
  3 worms
  3 dart slugs
  3 leopard geckos
  25 orcs
  6 giant cockroaches
  10 goblins
  2 hobgoblins
  8 jackals
  2 quokkas
  15 bats
  6 frilled lizards
  8 kobolds
  A leopard gecko skeleton (D:6)
  A leopard gecko zombie (D:6)
  9 rats
  A fungus (Lair:6)
  A plant (Lair:6)
507 creatures vanquished.

Vanquished Creatures (others)
  A faun (Shoals:2)
  A centaur (D:7)
  A centaur zombie (D:6)
  An adder (D:6)
  An adder skeleton (D:6)
  37 fungi
  49 plants
  A withered plant (Shoals:1)
92 creatures vanquished.

Grand Total: 599 creatures vanquished

Notes
Turn   | Place    | Note
-------+----------+-------------------------------------------
     0 | D:1      | Kairos the Vine Stalker Fighter began the quest for the Orb.
     0 | D:1      | Reached XP level 1. HP: 11/11 MP: 2/2
   110 | D:1      | Reached XP level 2. HP: 13/16 MP: 3/3
   442 | D:1      | Reached XP level 3. HP: 14/20 MP: 2/4
   700 | D:2      | Gained mutation: Your natural rate of healing is unusually fast. [Vine Stalker growth]
   700 | D:2      | Reached XP level 4. HP: 6/24 MP: 3/5
  1102 | D:2      | Found a sparkling altar of Nemelex Xobeh.
  1243 | D:2      | Found a bloodstained altar of Trog.
  1548 | D:3      | Reached XP level 5. HP: 28/28 MP: 6/6
  1564 | D:3      | Noticed an orc warrior
  1582 | D:3      | Killed an orc warrior
  1582 | D:3      | Reached XP level 6. HP: 6/32 MP: 0/7
  1798 | D:3      | Found a snail-covered altar of Cheibriados.
  1867 | D:3      | Noticed Grinder
  1872 | D:3      | Paralysed by Grinder for 6 turns
  1895 | D:3      | Killed Grinder
  1895 | D:3      | Reached XP level 7. HP: 24/37 MP: 5/8
  2165 | D:4      | Reached skill level 5 in Axes
  2179 | D:4      | Noticed Natasha
  2185 | D:4      | Killed Natasha
  2263 | D:4      | Noticed Natasha
  2278 | D:4      | Killed Natasha
  2329 | D:4      | Noticed Natasha
  2334 | D:4      | Killed Natasha
  2500 | D:4      | Noticed Blork the orc
  2516 | D:4      | Killed Blork the orc
  2573 | D:5      | Entered Level 5 of the Dungeon
  2589 | D:5      | Gained mutation: You have razor-sharp teeth. [Vine Stalker growth]
  2589 | D:5      | Reached XP level 8. HP: 30/42 MP: 6/9
  3623 | D:6      | Found an iron altar of Okawaru.
  3637 | D:6      | Got a bloodstained mace
  3642 | D:6      | Identified the +11 mace "Wessym" {venom, +Rage} (You found it on level 6 of the Dungeon)
  3643 | D:6      | Became a worshipper of Warmaster Okawaru
  3730 | D:6      | Reached skill level 1 in Dodging
  3730 | D:6      | Reached XP level 9. HP: 46/46 MP: 10/10
  3904 | D:6      | Found a staircase to the Ecumenical Temple.
  4003 | D:6      | Got a flickering iron ring
  4122 | D:6      | Identified the ring "Vogulogg" {*Contam rF+++ Int+3 Slay+5 Stlth+} (You found it on level 6 of the Dungeon)
  4198 | D:7      | Reached skill level 5 in Fighting
  4198 | D:7      | Reached skill level 5 in Shields
  4232 | D:7      | Reached skill level 1 in Maces & Flails
  4324 | D:7      | Reached * piety under Okawaru
  4396 | D:7      | Found Edigu's Jewellery Emporium.
  4730 | D:8      | Noticed a two-headed ogre
  4737 | D:8      | Killed a two-headed ogre
  4737 | D:8      | Reached ** piety under Okawaru
  4737 | D:8      | Reached skill level 5 in Armour
  5011 | D:8      | Found a shadowy altar of Dithmenos.
  5191 | D:8      | Reached XP level 10. HP: 53/53 MP: 11/11
  5254 | D:8      | Reached skill level 5 in Maces & Flails
  5309 | D:8      | Noticed a two-headed ogre
  5316 | D:8      | Killed a two-headed ogre
  5316 | D:8      | Reached *** piety under Okawaru
  5509 | D:8      | Got a scintillating tin amulet
  5632 | D:8      | Found Riveziah's Food Emporium.
  5774 | D:9      | Noticed Psyche
  6051 | D:9      | Killed Psyche
  6070 | D:9      | Reached skill level 1 in Stealth
  6079 | D:9      | Found a hazy altar of Hepliaklqana.
  6179 | D:9      | Reached **** piety under Okawaru
  6186 | D:9      | Found a staircase to the Lair.
  6780 | Lair:1   | Entered Level 1 of the Lair of Beasts
  6799 | Lair:1   | Noticed a black mamba
  6804 | Lair:1   | Killed a black mamba
  6998 | Lair:1   | Reached XP level 11. HP: 25/56 MP: 9/12
  7010 | Lair:1   | Noticed Gastronok
  7023 | Lair:1   | Killed Gastronok
  7023 | Lair:1   | Reached ***** piety under Okawaru
  7038 | Lair:1   | Identified the amulet "Nehoawk" {Acrobat *Drain +Fly MR+ Str+4} (You found it on level 8 of the Dungeon)
  7183 | Lair:1   | Noticed a six-headed hydra
  7189 | Lair:1   | Killed a six-headed hydra
  7189 | Lair:1   | Received a gift from Okawaru
  7967 | Lair:2   | Noticed a five-headed hydra
  7975 | Lair:2   | Killed a five-headed hydra
  8105 | Lair:2   | Noticed Urug
  8114 | Lair:2   | Killed Urug
  8223 | Lair:2   | Noticed a four-headed hydra
  8231 | Lair:2   | Killed a four-headed hydra
  8231 | Lair:2   | Received a gift from Okawaru
  8658 | Lair:3   | Found a labyrinth entrance.
  8673 | Lab      | Entered a labyrinth
  9080 | Lab      | Gained mutation: You heal very quickly. [Vine Stalker growth]
  9080 | Lab      | Reached XP level 12. HP: 63/63 MP: 13/13
  9541 | Lab      | Noticed a minotaur
  9560 | Lab      | Killed a minotaur
  9696 | Lair:3   | Reached skill level 10 in Maces & Flails
  9977 | Lair:3   | Found a staircase to the Shoals.
 10352 | Lair:4   | Found a staircase to the Snake Pit.
 10366 | Lair:4   | Received a gift from Okawaru
 10537 | Lair:4   | Noticed Snorg
 10564 | Lair:4   | Killed Snorg
 10571 | Lair:4   | Received a gift from Okawaru
 10576 | Lair:4   | Reached skill level 1 in Evocations
 10589 | Lair:4   | Reached XP level 13. HP: 27/68 MP: 8/15
 10592 | Lair:4   | Reached ****** piety under Okawaru
 10592 | Lair:4   | Reached skill level 1 in Invocations
 11373 | Lair:5   | Found a dark tunnel.
 11396 | Volcano  | Entered a volcano
 11504 | Volcano  | Noticed a fire dragon
 11516 | Volcano  | Killed a fire dragon
 11561 | Volcano  | Found a radiant altar of Vehumet.
 11586 | Volcano  | Found a bloodstained altar of Trog.
 12028 | Lair:5   | Found a staircase to the Slime Pits.
 12572 | Lair:6   | Entered Level 6 of the Lair of Beasts
 12616 | Lair:6   | Reached skill level 10 in Shields
 13114 | Lair:6   | Reached XP level 14. HP: 74/74 MP: 16/16
 13120 | Lair:6   | Received a gift from Okawaru
 13420 | Lair:6   | Noticed Borgoz's ghost (journeyman GrAK)
 13525 | Lair:6   | Killed Borgoz's ghost
 13888 | Lair:6   | Received a gift from Okawaru
 14535 | Snake:1  | Entered Level 1 of the Snake Pit
 14614 | Lair:4   | HP: 1/75 [black mamba (9)]
 15256 | Snake:2  | Received a gift from Okawaru
 15513 | Snake:1  | Gained mutation: You have a somewhat thin skeletal structure. (Dex +2, Stealth) [potion of mutation]
 15513 | Snake:1  | Gained mutation: You expend magic power (3 MP) to strengthen your wands. [potion of mutation]
 15513 | Snake:1  | Gained mutation: You occasionally shout uncontrollably at your foes. [potion of mutation]
 15513 | Snake:1  | Gained mutation: You have sharp toenails. [potion of mutation]
 15514 | Snake:1  | Lost mutation: You have sharp toenails. [potion of mutation]
 15514 | Snake:1  | Lost mutation: You expend magic power (3 MP) to strengthen your wands. [potion of mutation]
 15514 | Snake:1  | Lost mutation: You have a somewhat thin skeletal structure. (Dex +2, Stealth) [potion of mutation]
 15514 | Snake:1  | Lost mutation: You occasionally shout uncontrollably at your foes. [potion of mutation]
 15514 | Snake:1  | Gained mutation: You have sharp toenails. [potion of mutation]
 15515 | Snake:1  | Lost mutation: You have sharp toenails. [potion of mutation]
 15515 | Snake:1  | Gained mutation: You possess an exceptional clarity of mind. [potion of mutation]
 15515 | Snake:1  | Gained mutation: You are covered in fur. (AC +1) [potion of mutation]
 15515 | Snake:1  | Gained mutation: You are clumsy. (Dex -2) [potion of mutation]
 15515 | Snake:1  | Gained mutation: You have large cloven feet. [potion of mutation]
 15599 | Shoals:1 | Entered Level 1 of the Shoals
 15690 | Shoals:1 | Reached XP level 15. HP: 58/79 MP: 9/17
 15703 | Shoals:1 | Noticed Aizul
 15819 | Shoals:1 | Killed Aizul
 15949 | Shoals:1 | Received a gift from Okawaru
 16713 | Shoals:2 | Reached skill level 10 in Axes
 16748 | Shoals:2 | Received a gift from Okawaru
 17597 | Shoals:2 | Killed from afar by a water nymph

Vault maps used:
D:1:      evilmike_arrival_crescent
D:2:      bloody_trog, nemelex_xobeh_ov_fountains_minmay
D:3:      lemuel_doored_altar, first_ration, uniq_grinder
D:4:      kennysheep_nub, uniq_blork_the_orc, uniq_natasha
D:6:      okawaru_ov_weapons_minmay, lemuel_temple_firewalk_a
D:7:      serial_shops, nicolae_shop_waterfront, minivault_23,
          nicolae_zen_rock_garden
D:8:      marbit_many_paths, serial_shops,
          nicolae_shop_temple_entry_statues_fountains
D:9:      lemuel_round_altar, lair_entry_dummy, uniq_psyche
Lair:1:   grunt_megastairs_3, uniq_gastronok
Lair:2:   uniq_urug
Lair:3:   minmay_shoals_entry_centaurs, lab_entry_generic
Lair:4:   minmay_snake_entry_guardpost_large, beast_lair_carwin_3,
          lemuel_fruit_fields, uniq_snorg
Lair:5:   slime_dummy, nicolae_volcano_entry_two_sided, lemuel_fruit_fields
Lair:6:   minmay_lair_end_frog_pond, serial_bayou_pond_e
Shoals:1: argonaut_gorgonesque, uniq_aizul
Snake:1:  nicolae_snake_serpentine_hallways
Snake:2:  uniq_azrael, uniq_roxanne
Lab:      labyrinth_lava_lair, labyrinth_skeletal_remains, lab_fountain
Volcano:  volcano_grotto

Skill      XL: |  1  2  3  4  5  6  7  8  9 10 11 12 13 14 15 |
---------------+----------------------------------------------+-----
Axes           | 2 3 4 5 7 8 10 | 10.4
Fighting       | 3 4 5 6 7 8 9 |  9.9
Shields        | 3 4 5 6 7 9 10 12 | 12.5
Armour         | 3 4 5 6 7 8 9 |  9.9
Dodging        | 1 2 3 |  3.4
Maces & Flails | 4 8 9 10 12 | 12.8
Stealth        | 1 2 |  2.3
Evocations     | 1 |  1.6
Invocations    | 1 2 |  2.5

Action                   |  1- 3 |  4- 6 |  7- 9 | 10-12 | 13-15 || total
-------------------------+-------+-------+-------+-------+-------++-------
Melee: War axe           |    76 |   122 |   159 |       |       ||   357
       Bite              |    24 |    31 |    68 |   132 |   304 ||   559
       Mace              |       |       |    84 |   293 |   424 ||   801
       Broad axe         |       |       |       |    12 |   345 ||   357
Invok: Heroism           |       |       |       |     2 |    18 ||    20
       Finesse           |       |       |       |       |     1 ||     1
 Abil: Evoke Berserk Rag |       |       |       |     1 |       ||     1
       Evoke Flight      |       |       |       |     1 |       ||     1
Evoke: Wand              |       |       |       |     1 |       ||     1
  Use: Potion            |       |     1 |       |       |     5 ||     6
       Scroll            |       |       |     7 |     7 |    15 ||    29
 Stab: Petrified         |       |       |       |       |     1 ||     1
  Eat: Chunk             |       |     3 |    11 |     4 |    19 ||    37
       Ration            |       |       |       |     4 |     1 ||     5
Armor: Scale mail        |     4 |       |       |       |       ||     4
       Chain mail        |    68 |    82 |   101 |    76 |   159 ||   486
       Plate armour      |       |       |    24 |    87 |   153 ||   264
Dodge: Dodged            |    15 |    41 |    40 |   103 |   249 ||   448
Block: Shield            |    49 |    72 |   142 |   222 |   740 ||  1225
       Reflection        |       |       |     5 |    18 |    26 ||    49

Table legend:
 A = Spawn XP
 B = Non-spawn XP
 C = Spawn XP percentage of total XP
 D = Spawn monster count
 E = Non-spawn monster count
 F = Spawn count percentage of total count
 G = Total turns spent on level
                    A         B        C        D         E        F      G
               +---------+---------+-------+---------+---------+-------+---------
         Total |       0 |  115867 |   0.0 |       0 |     507 |   0.0 | 17597
               +---------+---------+-------+---------+---------+-------+---------
           D:1 |       0 |      45 |   0.0 |       0 |      27 |   0.0 |   618
           D:2 |       0 |     118 |   0.0 |       0 |      25 |   0.0 |   925
           D:3 |       0 |     531 |   0.0 |       0 |      31 |   0.0 |   597
           D:4 |       0 |     535 |   0.0 |       0 |      15 |   0.0 |   473
           D:5 |       0 |     643 |   0.0 |       0 |      20 |   0.0 |   696
           D:6 |       0 |     736 |   0.0 |       0 |      17 |   0.0 |   819
           D:7 |       0 |     780 |   0.0 |       0 |      20 |   0.0 |   602
           D:8 |       0 |    2573 |   0.0 |       0 |      22 |   0.0 |  1056
           D:9 |       0 |    1855 |   0.0 |       0 |      22 |   0.0 |   994
        Lair:1 |       0 |    5488 |   0.0 |       0 |      14 |   0.0 |   786
        Lair:2 |       0 |    4758 |   0.0 |       0 |       9 |   0.0 |  1081
        Lair:3 |       0 |    3175 |   0.0 |       0 |      24 |   0.0 |   799
        Lair:4 |       0 |   12224 |   0.0 |       0 |      35 |   0.0 |  1253
        Lair:5 |       0 |    5741 |   0.0 |       0 |      22 |   0.0 |  1306
        Lair:6 |       0 |   24993 |   0.0 |       0 |      87 |   0.0 |  1555
      Shoals:1 |       0 |   16677 |   0.0 |       0 |      30 |   0.0 |  1055
      Shoals:2 |       0 |   15453 |   0.0 |       0 |      34 |   0.0 |   943
       Snake:1 |       0 |   11301 |   0.0 |       0 |      22 |   0.0 |   721
       Snake:2 |       0 |    2639 |   0.0 |       0 |       7 |   0.0 |    88
           Lab |       0 |    1461 |   0.0 |       0 |       5 |   0.0 |   957
       Volcano |       0 |    4141 |   0.0 |       0 |      19 |   0.0 |   273
               +---------+---------+-------+---------+---------+-------+---------
